 Dungeon Sprint DCSS version 0.30.1-4-g462c640d31 (webtiles) character file.

Game seed: 12256776388463688245

8943 Heoruswealwe the Sorcerer (level 11, -4/54 HPs)
             Began as a Deep Elf Conjurer on Sept 5, 2023.
             Was a High Priest of Vehumet.
             Slain by a demonic crawler (16 damage)
             ... in the Dungeon (Sprint I: "Red Sonja").
             The game lasted 00:31:06 (1671 turns).

Heoruswealwe the Sorcerer (Deep Elf Conjurer)       Turns: 1671, Time: 00:31:07

Health: -4/54      AC:  5    Str:  4    XL:     11   Next: 16%
Magic:  34/41      EV: 12    Int: 31    God:    Vehumet [*****.]
Gold:   312        SH:  0    Dex: 13    Spells: 37/58 levels left

rFire   . . .        a - +0 short sword (venom)
rCold   . . .        (no shield)
rNeg    . . .        c - +1 robe of Depression {rElec Int+3}
rPois   .            g - +1 helmet
rElec   +            (no cloak)
rCorr   .            (no gloves)
SInv    +            (no boots)
Will    +....        (no amulet)
Stlth   ++           k - ring of see invisible
HPRegen 0.29/turn    (no ring)
MPRegen 0.27/turn

%: no teleportation
@: no status effects
A: no striking features
a: Renounce Religion


You were in the Dungeon.
You worshipped Vehumet.
Vehumet was extremely pleased with you.
You visited 1 branch You collected 1594 gold pieces.
You spent 1249 gold pieces at shops.
You donated 33 gold pieces to Zin.

Inventory:

Hand Weapons
 a - a +0 short sword of venom (weapon)
Armour
 c - the +1 robe of Depression (worn) {rElec Int+3}
   (You bought it in a shop in the Dungeon)

   Int:       It affects your intelligence (+3).
   rElec:     It insulates you from electricity.
 g - a +1 helmet (worn)
Magical Staves
 o - a staff of cold
Jewellery
 k - a ring of see invisible (left hand)
 u - a ring of ice
Wands
 d - a wand of acid (10)
 h - a wand of polymorph (11)
Scrolls
 p - a scroll of amnesia
 q - a scroll of blinking
 s - a scroll of fear
 v - a scroll of enchant armour
 w - a scroll of enchant weapon
Potions
 e - a potion of haste
 f - a potion of degeneration {unknown}
 i - 3 potions of curing
 n - 3 potions of magic
 t - 2 potions of lignification {unknown}


   Skills:
 - Level 2.4 Dodging
 - Level 2.4 Stealth
 + Level 24.2 Spellcasting
 + Level 21.1 Conjurations


You had 37 spell levels left.
You knew the following spells:

 Your Spells              Type           Power      Damage    Failure   Level
a - Magic Dart            Conj           100%       1d8       0%          1
b - Shock                 Conj/Air       100%       1d9       0%          1
c - Foxfire               Conj/Fire      100%       2x1d9     0%          1
d - Searing Ray           Conj           100%       2d8       0%          2
e - Stone Arrow           Conj/Erth      100%       3d13      1%          3
f - Dazzling Flash        Conj/Hex       100%       N/A       1%          3
g - Iskenderun's Mystic   Conj/Tloc      80%        2d16      1%          4
h - Fulminant Prism       Conj/Hex       40%        3d19      1%          4
z - Passwall              Tmut/Erth      30%        N/A       1%          2

Your spell library contained the following spells:

 Spells                   Type           Power      Damage    Failure   Level
 Volatile Blastmotes      Fire/Tloc      74%        2d16      1%          3
 Sandblast                Erth           74%        2d16      1%          1
 Summon Guardian Golem    Hex/Summ       37%        N/A       2%          3
 Tukima's Dance           Hex            37%        N/A       2%          3
 Enfeeble                 Hex            18%        N/A       100%        7
 Storm Form               Tmut/Air       18%        N/A       100%        7


Dungeon Overview and Level Annotations

Branches:
Dungeon (1/1)

Altars:
Cheibriados
Dithmenos
Elyvilon
Fedhas
Gozag
Hepliaklqana
Kikubaaqudgha
Makhleb
Nemelex Xobeh
Okawaru
Qazlal
Ru
Sif Muna
Trog
Uskayaw
Vehumet
Wu Jian
Xom
Yredelemnul
Zin
The Shining One
Jiyva
Lugonu

Shops:
D *?=[:*[*(=(:[!?=(*=[(


Message History

The mystic blast hits the demonic crawler!
The demonic crawler is moderately wounded.
The demonic crawler is knocked back by the mystic blast.
The demonic crawler slams into the stone wall!
The demonic crawler is moderately wounded.
The mystic blast hits the demonic crawler!!
The demonic crawler is moderately wounded.
The demonic crawler is knocked back by the mystic blast.
The demonic crawler collides with the demonic crawler!
The demonic crawler is moderately wounded.
The demonic crawler is heavily wounded.
The demonic crawler closely misses you. x2; The demonic crawler hits you.
The demonic crawler attacks as you move away!
The demonic crawler hits you!
The demonic crawler hits you but does no damage.
The demonic crawler hits you.
Things that are here:
a +0 dagger; a +0 robe The demonic crawler attacks as you move away!
The demonic crawler barely misses you. The demonic crawler hits you.
The demonic crawler hits you!
* * * LOW HITPOINT WARNING * * *
The demonic crawler hits you.
* * * LOW HITPOINT WARNING * * *
The demonic crawler misses you. The demonic crawler closely misses you.
Casting: Iskenderun's Mystic Blast (safe; 1% risk of failure)
Confirm with . or Enter, or press ? or * to list all spells.
You erupt in a blast of force!
The mystic blast hits the demonic crawler!!
The demonic crawler is heavily wounded.
The demonic crawler is knocked back by the mystic blast.
The mystic blast hits the demonic crawler.
The demonic crawler is lightly wounded.
The mystic blast hits the demonic crawler.
The demonic crawler is lightly wounded.
The demonic crawler is knocked back by the mystic blast.
The demonic crawler slams into the rock wall!
The demonic crawler is moderately wounded.
The demonic crawler hits you!
You die...

####################*************
)..#..'..#__#..'@ss#,,*,,,,+,,,,,
#..').#..'..'..#.).##+#,****,,,,,
##'#####'#__####.).ss.#,*,***,,,*
#..#...#.####§.#####..+,*+*,***+*
####..##)#~~§§.#..#*+##**,,,*,*,*
___##'#_.+~)§§§+..#,,,,,*,,,***,,
∩...'..._#§)§..#..#,,,,,+,,,,,**,
.__##_[#'##+#####'###,,,*,,,,,*,,
___###'#.#..).###.+.#,,,***++**,*


You could see 4 demonic crawlers.

Vanquished Creatures
  2 centaur warriors (D)
  Sonja (D)
  A deep troll (D)
  An oklob plant (D)
  8 shining eyes (D)
  2 unseen horrors (D)
  2 kobold demonologists (D)
  A hornet (D)
  Sigmund (D)
  A slime creature (D)
  A yak (D)
  2 redbacks (D)
  6 floating eyes (D)
  An ogre (D)
  7 necrophages (D)
  8 jellies (D)
  Ijyb (D)
46 creatures vanquished.

Vanquished Creatures (others)
  2 ballistomycete spores (D)
  7 fulminant prisms (D)
9 creatures vanquished.

Grand Total: 55 creatures vanquished

Notes
Turn   | Place    | Note
-------+----------+-------------------------------------------
     0 | D        | Heoruswealwe the Deep Elf Conjurer began the quest for the
                  | Orb.
     0 | D        | Reached XP level 1. HP: 10/10 MP: 6/6
     1 | D        | Noticed Ijyb
    16 | D        | Killed Ijyb
    17 | D        | Reached skill level 6 in Spellcasting
    17 | D        | Reached XP level 2. HP: 11/15 MP: 7/11
    57 | D        | Learned a level 2 spell: Searing Ray
    92 | D        | Noticed an ogre
    97 | D        | Killed an ogre
    98 | D        | Reached skill level 8 in Spellcasting
    98 | D        | Reached XP level 3. HP: 19/19 MP: 12/15
    98 | D        | Reached XP level 4. HP: 24/24 MP: 12/16
   129 | D        | Learned a level 3 spell: Dazzling Flash
   134 | D        | Learned a level 4 spell: Fulminant Prism
   139 | D        | Learned a level 4 spell: Iskenderun's Mystic Blast
   139 | D        | Noticed Sigmund
   142 | D        | Killed Sigmund
   143 | D        | Reached skill level 11 in Spellcasting
   143 | D        | Reached skill level 10 in Conjurations
   143 | D        | Reached XP level 5. HP: 21/28 MP: 13/21
   187 | D        | Found an ornate altar of the Wu Jian Council.
   187 | D        | Found a shimmering blue altar of Sif Muna.
   189 | D        | Found a radiant altar of Vehumet.
   192 | D        | Reached skill level 12 in Spellcasting
   192 | D        | Reached XP level 6. HP: 32/32 MP: 19/23
   220 | D        | Found Xoucvip's Antique Armour Emporium.
   220 | D        | Found an ancient bone altar of Kikubaaqudgha.
   220 | D        | Found a hazy altar of Hepliaklqana.
   220 | D        | Found a stormy altar of Qazlal.
   220 | D        | Found a hide-covered altar of Uskayaw.
   220 | D        | Found a blossoming altar of Fedhas.
   220 | D        | Found a bloodstained altar of Trog.
   220 | D        | Found an iron altar of Okawaru.
   220 | D        | Found a basalt altar of Yredelemnul.
   220 | D        | Found a glowing golden altar of the Shining One.
   220 | D        | Found a snail-covered altar of Cheibriados.
   220 | D        | Found a sacrificial altar of Ru.
   220 | D        | Found a glowing silver altar of Zin.
   220 | D        | Found a shadowy altar of Dithmenos.
   220 | D        | Found a white marble altar of Elyvilon.
   220 | D        | Noticed a yak
   233 | D        | Killed a yak
   234 | D        | Reached skill level 13 in Spellcasting
   237 | D        | Found an opulent altar of Gozag.
   238 | D        | Found a sparkling altar of Nemelex Xobeh.
   243 | D        | Became a worshipper of Zin the Law-Giver
   243 | D        | Reached * piety under Zin
   243 | D        | Reached ** piety under Zin
   243 | D        | Reached *** piety under Zin
   243 | D        | Reached **** piety under Zin
   243 | D        | Reached ***** piety under Zin
   243 | D        | Reached ****** piety under Zin
   314 | D        | Noticed Sonja
   321 | D        | Killed Sonja
   322 | D        | Reached skill level 16 in Spellcasting
   322 | D        | Reached XP level 7. HP: 21/36 MP: 15/28
   323 | D        | Noticed a deep troll
   330 | D        | Killed a deep troll
   331 | D        | Reached skill level 17 in Spellcasting
   331 | D        | Reached skill level 15 in Conjurations
   331 | D        | Reached XP level 8. HP: 28/41 MP: 2/31
   475 | D        | Found Merituit's Armour Emporium.
   480 | D        | Got the Elucidation of Execration and Changes
   512 | D        | Found Dupoefru's Assorted Antiques.
   520 | D        | Bought a scroll labelled NIULIPS IRAARGH for 26 gold pieces
   520 | D        | Bought a scroll labelled QEACRA ZEGIN for 26 gold pieces
   539 | D        | Noticed a shining eye
   539 | D        | Noticed a shining eye
   539 | D        | Noticed a shining eye
   539 | D        | Noticed a shining eye
   539 | D        | Noticed a shining eye
   539 | D        | Noticed a shining eye
   541 | D        | Noticed a shining eye
   541 | D        | Noticed a shining eye
   543 | D        | Paralysed by a floating eye for 3 turns
   549 | D        | Paralysed by a floating eye for 2 turns
   552 | D        | Reached skill level 18 in Spellcasting
   552 | D        | Paralysed by a floating eye for 3 turns
   559 | D        | Paralysed by a floating eye for 2 turns
   572 | D        | Killed a shining eye
   572 | D        | Killed a shining eye
   573 | D        | Reached skill level 19 in Spellcasting
   573 | D        | Reached XP level 9. HP: 45/45 MP: 20/34
   578 | D        | Killed a shining eye
   578 | D        | Killed a shining eye
   578 | D        | Killed a shining eye
   578 | D        | Killed a shining eye
   579 | D        | Reached skill level 21 in Spellcasting
   579 | D        | Reached XP level 10. HP: 50/50 MP: 17/37
   583 | D        | Killed a shining eye
   583 | D        | Killed a shining eye
   595 | D        | Fell from the grace of Zin
   595 | D        | Became a worshipper of Vehumet
   781 | D        | Found Feeqiuzi's Book Shop.
   781 | D        | Found Sisegiegh's Jewellery Emporium.
   781 | D        | Found Liesa's General Store.
   782 | D        | Found Daubb's Magic Scroll Shoppe.
   787 | D        | Bought a ring of see invisible for 195 gold pieces
   855 | D        | Found a burning altar of Makhleb.
   855 | D        | Found a viscous altar of Jiyva.
   855 | D        | Found a shimmering altar of Xom.
   855 | D        | Found a corrupted altar of Lugonu.
   923 | D        | Noticed a smoke demon
   924 | D        | Reached skill level 22 in Spellcasting
   925 | D        | Reached * piety under Vehumet
   925 | D        | Offered knowledge of Shock by Vehumet.
   928 | D        | Learned a level 1 spell: Shock
  1016 | D        | Bought a glowing helmet for 195 gold pieces
  1063 | D        | Bought a book of Geomancy for 234 gold pieces
  1069 | D        | Learned a level 3 spell: Stone Arrow
  1072 | D        | Learned a level 2 spell: Passwall
  1151 | D        | Noticed a centaur warrior
  1154 | D        | Noticed a centaur warrior
  1157 | D        | Killed a centaur warrior
  1157 | D        | Offered knowledge of Foxfire by Vehumet.
  1158 | D        | Killed a centaur warrior
  1158 | D        | Reached ** piety under Vehumet
  1159 | D        | Reached skill level 23 in Spellcasting
  1207 | D        | Learned a level 1 spell: Foxfire
  1227 | D        | Noticed an oklob plant
  1232 | D        | Killed an oklob plant
  1232 | D        | Offered knowledge of Inner Flame by Vehumet.
  1287 | D        | Reached *** piety under Vehumet
  1424 | D        | Reached XP level 11. HP: 54/54 MP: 37/40
  1424 | D        | Offered knowledge of Volatile Blastmotes by Vehumet.
  1428 | D        | Reached **** piety under Vehumet
  1431 | D        | Reached skill level 24 in Spellcasting
  1435 | D        | Reached ***** piety under Vehumet
  1468 | D        | Found Ommeg's Assorted Antiques.
  1468 | D        | Found Badu's Armour Shop.
  1468 | D        | Found Ollosy's Antique Weapon Boutique.
  1474 | D        | Found Kiur's Assorted Antiques.
  1474 | D        | Found Uweeklig's Antique Weapon Emporium.
  1474 | D        | Found Noylliag's Jewellery Emporium.
  1476 | D        | Found Kahaun's Antique Weapon Boutique.
  1476 | D        | Found Eneg's Jewellery Shoppe.
  1476 | D        | Found Aroxyngo's Magic Scroll Shop.
  1476 | D        | Found Dasirury's Distillery.
  1476 | D        | Found Heegas's Armour Boutique.
  1476 | D        | Found Xigg's Book Shoppe.
  1476 | D        | Found Iwkixtu's Weapon Shop.
  1479 | D        | Bought an ancient robe for 119 gold pieces
  1479 | D        | Identified the +1 robe of Depression {rElec Int+3} (You
                  | bought it in a shop in the Dungeon)
  1479 | D        | Bought a scroll labelled WECRETOW MAUCS for 21 gold pieces
  1479 | D        | Bought a scroll labelled NIULIPS IRAARGH for 21 gold pieces
  1479 | D        | Bought a murky dark potion for 18 gold pieces
  1479 | D        | Bought a scroll labelled QEACRA ZEGIN for 21 gold pieces
  1480 | D        | Found Hurhuru's Jewellery Emporium.
  1490 | D        | Bought a scroll labelled CADITH PUDD for 26 gold pieces
  1490 | D        | Bought a coral ring for 130 gold pieces
  1490 | D        | Bought a murky dark potion for 23 gold pieces
  1490 | D        | Bought a scroll labelled ICZAREL VETIAN for 26 gold pieces
  1490 | D        | Bought a scroll labelled MITAIZX YNEV for 26 gold pieces
  1490 | D        | Bought a scroll labelled NUHAZEF ZELIUBEMP for 26 gold
                  | pieces
  1521 | D        | Bought a scroll of identify for 22 gold pieces
  1521 | D        | Bought a scroll of identify for 22 gold pieces
  1521 | D        | Bought a scroll of identify for 22 gold pieces
  1619 | D        | Bought a scroll of identify for 24 gold pieces
  1629 | D        | Bought a scroll of identify for 26 gold pieces
  1671 | D        | Slain by a demonic crawler

Illustrated notes

Levels and vault maps discovered:
D:        dungeon_sprint_1 [red_sonja_temple_1, red_sonja_temple_small_1]

Skill      XL: |  1  2  3  4  5  6  7  8  9 10 11 |
---------------+----------------------------------+-----
Spellcasting   | 6 8 11 12 16 17 19 21 23 24 | 24.2
Conjurations   | 6 8 10 14 15 17 18 20 21 | 21.1
Dodging        | |  2.4
Stealth        | |  2.4

Action                     |  1- 3 |  4- 6 |  7- 9 | 10-12 || total
---------------------------+-------+-------+-------+-------++-------
  Melee: Unarmed           |    16 |       |       |       ||    16
         Short sword       |       |       |       |     1 ||     1
   Cast: Magic Dart        |     1 |       |       |     4 ||     5
         Searing Ray       |       |     3 |       |     2 ||     5
         Fulminant Prism   |       |     4 |       |     3 ||     7
         Iskenderun's Myst |       |     2 |     8 |    23 ||    33
         Passwall          |       |       |       |     2 ||     2
         Stone Arrow       |       |       |       |     1 ||     1
  Evoke: Wand              |     2 |       |       |       ||     2
    Use: Potion            |       |     2 |       |     1 ||     3
         Scroll            |       |       |       |     8 ||     8
 Armour: Skin              |    11 |       |       |       ||    11
         Robe              |       |       |       |     2 ||     2
  Dodge: Dodged            |     2 |       |       |    10 ||    12
